[Event "1st Bangalore GM-Open-A 2024"]
[Site "Bangalore"]
[Date "2024.01.25"]
[Round "9.32"]
[White "Sharma Isha"]
[Black "Sammed Jaykumar, Shete"]
[Result "1-0"]
[ECO "B92"]
[WhiteElo "2183"]
[BlackElo "2441"]
[Annotator "RC"]
[PlyCount "87"]
[EventDate "2024.01.20"]
[EventType "swiss"]
[EventCountry "IND"]
[SourceTitle "playchess.com"]
[Source "ChessBase"]
[SourceQuality "1"]
[TimeControl "5400+30"]

1. e4 c5 2. Nf3 d6 3. d4 cxd4 4. Nxd4 Nf6 5. Nc3 a6 6. Be2 e5 7. Nb3 Be7 8. Be3 Be6 9. Nd5 Nbd7 10. Qd3 O-O 11. O-O Bxd5 12. exd5 Ne8 13. a4 Bg5 14. a5 Rc8 15. c4 g6 16. f4 exf4 17. Bxf4 Bxf4 18. Rxf4 Nc5 19. Qc3 Qe7 20. Nd4 Nf6 21. b4 Qe5 22. Raf1 Ncd7 23. Qd2 Rce8 24. g3 Ne4 25. Qd3 Ng5 26. Kg2 h5 27. h4 Nh7 28. Bd1 Qe3 29. R4f3 Qe7 30. Rf4 Ne5 31. Qc3 Rc8 32. Be2 Rc7 33. Nb3 g5 34. hxg5 Ng6 35. Nd4 Nxf4+ 36. gxf4 Qe4+ 37. Rf3 Re8 38. Bd3 Qe1 39. Qb2 Rce7 40. Rf2 f6 41. Nf5 Rd7 42. Rf1 Rde7 43. Rxe1 Rxe1 44. g6 1-0

[Event "1st Bangalore GM-Open-A 2024"]
[Site "Bangalore"]
[Date "2024.01.25"]
[Round "9.33"]
[White "De Silva, L M S T"]
[Black "Pujari, Rucha"]
[Result "1-0"]
[ECO "C55"]
[WhiteElo "2398"]
[BlackElo "2181"]
[Annotator "TA"]
[PlyCount "77"]
[EventDate "2024.01.20"]
[EventType "swiss"]
[EventCountry "IND"]
[SourceTitle "playchess.com"]
[Source "ChessBase"]
[SourceQuality "1"]
[TimeControl "5400+30"]

1. e4 e5 2. Nf3 Nc6 3. Bc4 Nf6 4. d3 Be7 5. O-O d6 6. a4 O-O 7. Nc3 Bg4 8. h3 Bh5 {[%emt 0:02:11] The position is equal.} 9. Be3 Nb4 10. g4 Bg6 11. Bb3 c6 12. Ne2 $36 {[%emt 0:02:52][%mdl 2048] Black is under pressure.} Qc7 13. Ng3 d5 14. Nh4 $1 dxe4 (14... Rad8 $11) 15. dxe4 $16 Nd7 (15... Bxe4 $2 16. g5 Bxc2 17. Bxc2 $18) 16. Nxg6 hxg6 17. c3 {[%emt 0:05:31] Wards off c5} Na6 18. g5 {[%emt 0:04:20] White is more active.} ({White should try} 18. Ba2 $16) 18... Nac5 (18... Bc5 $14 {deserves consideration.}) 19. Ba2 Rad8 (19... Rfd8 $142) 20. h4 {[%emt 0:01:57] Qg4 would now be deadly.} Qc8 $2 (20... Ne6 {was necessary.} 21. Bxe6 (21. Bxa7 $2 b6 $19) 21... Nc5 22. Bxf7+ Rxf7) 21. Qe2 {[%emt 0:12:37] h5 is the strong threat.} Rfe8 22. b4 Ne6 23. Bxe6 $1 (23. Bxa7 Nf4 24. Qg4 c5 $16) 23... fxe6 24. h5 (24. Bxa7 c5 25. Qb5 Nb8 $14) 24... Nf8 25. hxg6 (25. Bxa7 c5 26. Kg2 (26. Bb6 Rd7 $16) 26... cxb4 $16) 25... Nxg6 26. Qh5 ({Weaker is} 26. Bxa7 Nf4 27. Qg4 Bxg5 $14) 26... Nf4 {[%emt 0:00:24] [#]} (26... Kf7 27. f4 (27. Bxa7 Rh8 $17) 27... Rh8 28. fxe5+ Bf6) 27. Bxf4 $1 $18 exf4 {[%emt 0:00:03] [#]} 28. g6 $1 {[%emt 0:00:06] Qh7+ would kill now.} Bf6 29. e5 Bxe5 30. Qxe5 fxg3 31. Qh5 ({Inferior is} 31. Qxg3 e5 $11) 31... Rd5 32. Qh7+ Kf8 33. fxg3+ Ke7 34. c4 {[%emt 0:03:11] Intending Rf7+ and mate.} Rd7 35. Qh4+ (35. Qxg7+ $142 Kd8 36. Qf6+ Kc7 37. Qe5+ Kd8 38. g7) 35... Kd6 36. Rad1+ Kc7 37. Rxd7+ Kxd7 38. Rf7+ Kd6 39. Qd4# {[%emt 0:00:04] Weighted Error Value: White=0.07 (flawless) /Black=0.52.  Mistake:       	White=1     	Black=5      Inaccurate:     	White=1     	Black=1      OK:         	White=10    	Black=6      Best:        	White=2     	Black=2      Strong:       	White=3     	---} 1-0